 Dungeon Sprint DCSS version 0.27-a0-1591-gc56fcc985a (webtiles) character file.

Game seed: 668334439013251763

1303 howech the Cruncher (level 8, -2/75 HPs)
             Began as a Minotaur Gladiator on July 19, 2021.
             Was a High Priest of Trog.
             Slain by a shadow wraith (10 damage)
             ... in the Dungeon (Sprint VII: "The Pits").
             The game lasted 00:05:48 (633 turns).

howech the Cruncher (Minotaur Gladiator)             Turns: 633, Time: 00:05:48

Health: -2/75      AC: 16    Str: 24    XL:     8   Next: 31%
Magic:  7/7        EV: 11    Int:  5    God:    Trog [*****.]
Gold:   0          SH:  0    Dex: 15    Spells: 7/7 levels left

rFire    . . .     SeeInvis .   k - +2 quarterstaff
rCold    . . .     Faith    .   (shield currently unavailable)
rNeg     . . .     Spirit   .   m - +2 plate armour
rPois    .         Reflect  .   c - +0 hat
rElec    .         Harm     .   t - +0 cloak
rCorr    .         Rampage  .   (no gloves)
Will     ++...     NoTele   +   (no boots)
Stlth    ..........             (no amulet)
HPRegen  1.22/turn              o - +3 ring of strength
MPRegen  0.10/turn              p - +3 ring of strength

@: strong-willed, regenerating, slowed, very slow
A: horns 2, retaliatory headbutt
a: Renounce Religion, Berserk, Trog's Hand, Brothers in Arms


You were in the Dungeon.
You worshipped Trog.
Trog was extremely pleased with you.
You visited 1 branch

Inventory:

Hand Weapons
 a - a +0 quarterstaff
 k - a +2 quarterstaff (weapon)
 n - a +8 broad axe of flaming
 s - a +0 lajatang
 u - a +3 battleaxe
Missiles
 d - 3 throwing nets (quivered)
Armour
 b - a +0 leather armour
 c - a +0 hat (worn)
 m - a +2 plate armour (worn)
 t - a +0 cloak (worn)
Jewellery
 o - a +3 ring of strength (left hand)
 p - a +3 ring of strength (right hand)
Scrolls
 j - a scroll of blinking
Potions
 e - 9 potions of curing
 f - 7 potions of heal wounds
 g - 2 potions of haste
 h - 4 potions of magic
 i - 3 potions of berserk rage
 l - 2 potions of invisibility
 q - 2 potions of mutation
 r - a potion of might


   Skills:
 + Level 8.5 Fighting
 + Level 7.6 Axes
 * Level 12.4 Staves
 - Level 4.0 Throwing
 + Level 7.8 Armour
 + Level 9.3 Dodging
 - Level 5.0 Evocations


You had 7 spell levels left.
You didn't know any spells.
Your spell library was empty.

Dungeon Overview and Level Annotations

Branches:
Dungeon (1/1)

Altars:
Ashenzari
Cheibriados
Dithmenos
Elyvilon
Fedhas
Gozag
Hepliaklqana
Kikubaaqudgha
Makhleb
Nemelex Xobeh
Okawaru
Qazlal
Ru
Sif Muna
Trog
Uskayaw
Vehumet
Wu Jian
Xom
Yredelemnul
Zin
The Shining One
Beogh
Jiyva
Lugonu

Annotations:
D Joseph


Innate Abilities, Weirdness & Mutations

You have a pair of horns on your head.
You reflexively headbutt those who attack you in melee.


Message History

The dream sheep is moderately wounded.
The dream sheep bites you.
Unknown command.
You hit the dream sheep but do no damage.
The dream sheep is moderately wounded.
The dream sheep bites you but does no damage.
Unknown command.
You closely miss the dream sheep.
The dream sheep is moderately wounded.
Unknown command.
You sock the dream sheep! You headbutt the dream sheep.
You kill the dream sheep!
Trog accepts your kill.
Unknown command.
Deactivating autopickup; reactivate with Ctrl-A.
You closely miss something. You headbutt something.
The dream sheep ruffle their wool and motes of dream dust sparkle, to no effect.
Something hits you but does no damage.
Unknown command.
You thump something! You headbutt something!
Unknown command.
You hit something. Your headbutt misses something. Something hits you.
Something drains your vigour!
You feel yourself slow down.
Unknown command.
You sock something!
The dream sheep shake their wool and sparkle.
You feel drowsy...
You fall asleep.
Something hits you!!
You wake up.
* * * LOW HITPOINT WARNING * * *
You closely miss something. Something hits you but does no damage.
Unknown command.
Your iron troll goes berserk!
Something hits you but does no damage. Something hits you!
* * * LOW HITPOINT WARNING * * *
Something drains your vigour!
You feel as though you will be slow longer.
Your skin crawls.
You feel strong-willed. Something hits you!
You die...

#))##.......##''#
#))##.......##..#
#.[##.......##..# #
#'###...<...##..# .##
...##.......##..# ...#
...##.......##..## .....
#####.......##...##YY....
#..###########..T{sYY....
#.############..@##Y@....
#)#....#..[[##..##


YY... #'#....#..[.##..# .Y.# #.)....'..))##..# .## #'#....#..))##..# #
'†#....#..).##..# ################# You could see a demonic crawler (ally
target), 4 dream sheep and a friendly iron troll (summoned, berserk).

Vanquished Creatures
  A deep elf zephyrmancer (D)
  A dream sheep (D)
  A black bear (D)
  A swamp drake (D)
  A gnoll sergeant (D)
  A crimson imp (D)
  A gnoll shaman (D)
  A jelly (D)
  7 gnolls (D)
  An adder (D)
  2 river rats (D)
  A white imp (D)
  An ufetubus (D)
  A worm (D)
  2 orcs (D)
  A goblin (D)
  A hobgoblin (D)
  2 jackals (D)
  A kobold (D)
  A quokka (D)
  A ball python (D)
  A bat (D)
  2 frilled lizards (D)
  A rat (D)
34 creatures vanquished.

Vanquished Creatures (collateral kills)
  A jumping spider (D)
  A snapping turtle (D)
2 creatures vanquished.

Grand Total: 36 creatures vanquished

Notes
Turn   | Place    | Note
-------+----------+-------------------------------------------
     0 | D        | howech the Minotaur Gladiator began the quest for the Orb.
     0 | D        | Reached XP level 1. HP: 18/18 MP: 0/0
    11 | D        | Reached skill level 4 in Staves
    31 | D        | Found a bloodstained altar of Trog.
    31 | D        | Found a shimmering blue altar of Sif Muna.
    31 | D        | Found a viscous altar of Jiyva.
    31 | D        | Found a hazy altar of Hepliaklqana.
    31 | D        | Found an opulent altar of Gozag.
    32 | D        | Found a glowing golden altar of the Shining One.
    32 | D        | Found a glowing silver altar of Zin.
    32 | D        | Found a basalt altar of Yredelemnul.
    32 | D        | Found a shimmering altar of Xom.
    32 | D        | Found an ornate altar of the Wu Jian Council.
    32 | D        | Found a sacrificial altar of Ru.
    32 | D        | Found a stormy altar of Qazlal.
    32 | D        | Found an iron altar of Okawaru.
    32 | D        | Found a sparkling altar of Nemelex Xobeh.
    32 | D        | Found a burning altar of Makhleb.
    32 | D        | Found a blossoming altar of Fedhas.
    32 | D        | Found a white marble altar of Elyvilon.
    32 | D        | Found a shadowy altar of Dithmenos.
    32 | D        | Found a snail-covered altar of Cheibriados.
    33 | D        | Found a radiant altar of Vehumet.
    33 | D        | Found a corrupted altar of Lugonu.
    35 | D        | Became a worshipper of Trog the Wrathful
    36 | D        | Found an ancient bone altar of Kikubaaqudgha.
    36 | D        | Found a hide-covered altar of Uskayaw.
    36 | D        | Found a broken altar of Ashenzari.
    50 | D        | Reached XP level 2. HP: 23/26 MP: 1/1
    55 | D        | Reached * piety under Trog
    56 | D        | Reached skill level 5 in Staves
    57 | D        | Reached skill level 1 in Armour
    61 | D        | Reached ** piety under Trog
    62 | D        | Reached skill level 5 in Dodging
    67 | D        | Reached skill level 6 in Staves
    67 | D        | Reached XP level 3. HP: 20/33 MP: 2/2
   133 | D        | Reached *** piety under Trog
   151 | D        | Reached skill level 1 in Axes
   151 | D        | Reached skill level 7 in Staves
   151 | D        | Reached skill level 1 in Evocations
   151 | D        | Reached XP level 4. HP: 22/40 MP: 3/3
   152 | D        | Reached **** piety under Trog
   180 | D        | Reached skill level 5 in Fighting
   180 | D        | Reached skill level 8 in Staves
   180 | D        | Reached XP level 5. HP: 47/48 MP: 4/4
   199 | D        | Reached ***** piety under Trog
   201 | D        | Noticed a swamp drake
   208 | D        | Killed a swamp drake
   209 | D        | Reached skill level 9 in Staves
   209 | D        | Reached XP level 6. HP: 49/57 MP: 5/5
   300 | D        | Reached skill level 5 in Armour
   300 | D        | Received a gift from Trog
   312 | D        | Noticed a deep elf zephyrmancer
   321 | D        | Killed a deep elf zephyrmancer
   322 | D        | Reached skill level 11 in Staves
   322 | D        | Reached XP level 7. HP: 66/66 MP: 6/6
   451 | D        | Reached skill level 5 in Evocations
   461 | D        | Received a gift from Trog
   470 | D        | Noticed a snapping turtle
   471 | D        | Noticed a jumping spider
   492 | D        | Killed a jumping spider
   495 | D        | Killed a snapping turtle
   496 | D        | Reached skill level 12 in Staves
   496 | D        | Reached XP level 8. HP: 47/74 MP: 7/7
   617 | D        | Noticed a demonic crawler
   617 | D        | Noticed Joseph
   617 | D        | Noticed a dream sheep
   617 | D        | Noticed a dream sheep
   617 | D        | Noticed a dream sheep
   617 | D        | Noticed a dream sheep
   617 | D        | Noticed a dream sheep
   617 | D        | Noticed a dream sheep
   617 | D        | Noticed a dream sheep
   626 | D        | Killed a dream sheep
   633 | D        | Slain by a shadow wraith

Illustrated notes

Levels and vault maps discovered:
D:        pitsprint [storerooms_1, entrance_room_1, metal_vault_3, armoury_2,
          mini_pit_1, grid_room_1, main_hall_1, silver_pit, the_coven_3,
          the_vestibule_1, steel_vault_5, golden_pit, hallway_of_sentries,
          crystal_vault_4, iron_vault_1, final_vault]

Skill      XL: |  1  2  3  4  5  6  7 |
---------------+----------------------+-----
Staves         | 4 6 7 8 9 11 12 | 12.4
Fighting       | 3 4 5 7 8 |  8.5
Dodging        | 4 5 6 7 8 9 |  9.3
Armour         | 1 2 3 4 6 7 |  7.8
Throwing       | 3 4 |  4.0
Axes           | 1 3 4 6 7 |  7.6
Evocations     | 1 2 3 4 5 |  5.0

Action                   |  1- 3 |  4- 6 |  7- 9 || total
-------------------------+-------+-------+-------++-------
Melee: Quarterstaff      |    30 |    44 |    39 ||   113
       Headbutt          |     4 |    10 |    12 ||    26
Invok: Trog's Hand       |     1 |     1 |     1 ||     3
       Brothers in Arms  |       |       |     2 ||     2
  Use: Potion            |       |     1 |       ||     1
Armor: Leather armour    |     1 |       |       ||     1
       Plate armour      |     8 |    28 |    15 ||    51
Dodge: Dodged            |    15 |    10 |    15 ||    40

Table legend: (Time is in decaauts)
 A = Elapsed time spent in this place.
 B = Non-inter-level travel time spent in this place.
 C = Inter-level travel time spent in this place.
 D = Time resting spent in this place.
 E = Time spent auto-exploring this place.
 F = Levels seen in this place.
 G = Mean time per level.
                   A        B        C        D        E       F      G
               +--------+--------+--------+--------+--------+-----+--------+
         Total |    617 |    576 |     41 |    165 |      0 |   1 |  617.0 |
       Dungeon |    617 |    576 |     41 |    165 |      0 |   1 |  617.0 |
               +--------+--------+--------+--------+--------+-----+--------+

Top non-repeatable levels by time:
       D: 617 daAuts
